cohdb
Replays
Latest Replays
All Replays
Popular Replays
Top Player Replays
Match Explorer
How It Works
Community
CoH3 Stats
Reddit
Sign in to upload your games and track your stats! →
Sign in with Steam
Match 39920251
Unlisted
Match 39920251
Overview
Messages
Build Orders
End
Kradschützen Motorcycle Team
Selects Panzerjäger Kommand Battlegroup
Panzergrenadier Squad
Panzergrenadier Squad
250 Light Carrier
Construct Light Support Kompanie
Selects GrB 39 Grenade Launcher Requisition
2.5-tonne Medical Truck
Combat Half-tracks
Fire Support Elements
Panzerjäger Mechanized Group
Vehicle Survival Package
Veteran Squad Leaders
Construct Panzerarmee Kommand
Emergency Repair Kits
Panzer III L Medium Tank
Panzer III L Medium Tank
Selects Crew Shock Tactics
Rapid Advance
Panzer III L Medium Tank
Tungsten Core Ammunition
Panzer III L Medium Tank
Selects Elefant Tank Destroyer
Panzer III L Medium Tank
Advanced Optics
CPU - VERY EASY
Akaxiya
forfrt
liangsheng02
0
0
Comments
sign in to comment!
No comments posted yet!